 Dungeon Crawl Stone Soup version 0.27.1-1-g398f81649c (webtiles) character file.

Game seed: 7402929124417879076

38390 boopmooplesden the Basher (level 13, 0/113 HPs)
             Began as a Minotaur Fighter on Sept 19, 2021.
             Was a Priest of Okawaru.
             Slain by an ice devil (13 damage)
             ... in an ice cave.
             The game lasted 00:24:51 (16052 turns).

boopmooplesden the Basher (Minotaur Fighter)       Turns: 16052, Time: 00:24:51

Health: 0/113      AC: 17    Str: 23    XL:     13   Next: 63%
Magic:  13/13      EV: 10    Int:  5    God:    Okawaru [***...]
Gold:   736        SH: 17    Dex: 13    Spells: 14/14 levels left

rFire    . . .     SeeInvis .   j - +4 flail (freeze)
rCold    . . .     Faith    .   d - +4 kite shield
rNeg     . . .     Spirit   .   x - +2 chain mail {rPois}
rPois    +         Reflect  .   (helmet restricted)
rElec    .         Harm     .   (no cloak)
rCorr    .         Rampage  .   u - +2 pair of gloves
Will     .....                  (no boots)
Stlth    ..........             c - amulet of magic regeneration
HPRegen  0.28/turn              n - ring of poison resistance
MPRegen  0.38/turn              h - +4 ring of slaying

@: no status effects
A: horns 2, retaliatory headbutt
a: Renounce Religion, Heroism


You were in an ice cave.
You worshipped Okawaru.
Okawaru was most pleased with you.
You visited 3 branches of the dungeon, and saw 13 of its levels.
You also visited: Bailey and Ice Cave.

You collected 736 gold pieces.

Inventory:

Hand Weapons
 a - a +0 flail
 j - a +4 flail of freezing (weapon)
 t - a +3 whip of flaming
 w - a +1 flail of protection
 I - a +4 whip of venom
 J - the +7 Singing Sword {vorpal, sonic wave}
   (You found it on level 7 of the Dungeon)

   It inflicts extra damage upon your enemies.
   It radiates damaging sonic waves as it strikes, especially in combat
   involving dangerous or numerous foes.
 V - a +4 scimitar of flaming
Missiles
 g - 92 boomerangs (quivered)
 s - 4 throwing nets
 v - 7 javelins
 W - 7 atropa-tipped darts
Armour
 d - a +4 kite shield (worn)
 u - a +2 pair of gloves (worn)
 x - a +2 chain mail of poison resistance (worn)
 T - a +0 plate armour
Jewellery
 c - an amulet of magic regeneration (around neck)
 h - a +4 ring of slaying (right hand)
 l - a ring of positive energy
 m - a ring of willpower
 n - a ring of poison resistance (left hand)
 C - a ring of wizardry
 K - an amulet of regeneration
 N - a ring of flight
Wands
 b - a wand of paralysis (12)
 p - a wand of acid (7)
 D - a wand of polymorph (14)
 R - a wand of flame (20)
 U - a wand of mindburst (14)
Scrolls
 e - a scroll of amnesia
 y - 3 scrolls of magic mapping
 A - 8 scrolls of teleportation
 F - 2 scrolls of fog
 Q - a scroll of summoning
 S - a scroll of blinking
Potions
 f - 4 potions of curing
 i - 2 potions of ambrosia
 k - 3 potions of mutation
 o - 2 potions of flight
 r - 2 potions of cancellation
 z - a potion of berserk rage
 B - 6 potions of attraction
 E - 2 potions of haste
 H - 3 potions of brilliance {unknown}
 L - a potion of invisibility {unknown}
 M - a potion of might
 O - 2 potions of magic
 P - 3 potions of heal wounds
 Y - a potion of lignification {unknown}


   Skills:
 + Level 10.2 Fighting
 + Level 1.9(2.3) Short Blades
 + Level 2.1(2.5) Long Blades
 + Level 2.1(9.1) Axes
 + Level 13.1(13.3) Maces & Flails
 + Level 2.7(3.5) Polearms
 + Level 2.1(9.1) Staves
 + Level 2.5(3.2) Slings
 + Level 1.9 Bows
 + Level 2.5 Crossbows
 + Level 2.8(3.2) Throwing
 + Level 11.7 Armour
 + Level 6.2 Dodging
 + Level 2.7 Stealth
 + Level 11.7 Shields
 + Level 1.9 Unarmed Combat
 + Level 1.0 Spellcasting
 + Level 1.4 Conjurations
 + Level 1.0 Hexes
 + Level 1.2 Summonings
 + Level 1.2 Necromancy
 + Level 1.2 Translocations
 + Level 1.3 Transmutations
 + Level 1.2 Fire Magic
 + Level 1.2 Ice Magic
 + Level 1.6 Air Magic
 + Level 1.7 Earth Magic
 + Level 1.2 Poison Magic
 + Level 2.4 Invocations
 + Level 1.9 Evocations


You had 14 spell levels left.
You didn't know any spells.
Your spell library contained the following spells:

 Spells                   Type           Power      Damage    Failure   Level
 Sublimation of Blood     Necr           0%         N/A       98%         2
 Petrify                  Tmut/Erth      1%         N/A       100%        4
 Irradiate                Conj/Tmut      0%         3d13      100%        5


Dungeon Overview and Level Annotations

Branches:
Dungeon (9/15)             Temple (1/1) D:7            Lair (3/6) D:9
 Spider (0/4) Lair:2       Bailey (visited)           IceCv (1/1)
  Swamp: Lair:2-4    Shoals: Lair:2-4       Orc: D:9-12

Altars:
Ashenzari
Cheibriados
Dithmenos
Elyvilon
Fedhas
Gozag
Hepliaklqana
Kikubaaqudgha
Makhleb
Nemelex Xobeh
Okawaru
Qazlal
Ru
Sif Muna
Trog
Uskayaw
Vehumet
Wu Jian
Xom
Yredelemnul
Zin
The Shining One

Shops:
D:2 :   D:6 =

Annotations:
Lair:1 exclusion: 2 oklob plants
Lair:2 exclusion: 2 oklob plants


Innate Abilities, Weirdness & Mutations

You have a pair of horns on your head.
You reflexively headbutt those who attack you in melee.


Message History

The troll simulacrum vaporises!
Okawaru accepts your kill. You block the ufetubus's attack. x2
You thump the ufetubus! You freeze the ufetubus.
You kill the ufetubus!
Okawaru accepts your kill.
An ice devil comes into view.
You hit the death yak simulacrum.
The death yak simulacrum is lightly damaged.
You block the death yak simulacrum's attack.
You sock the death yak simulacrum!
You headbutt the death yak simulacrum, but do no damage.
The death yak simulacrum is moderately damaged.
You block the death yak simulacrum's attack.
You sock the death yak simulacrum!
The death yak simulacrum is heavily damaged.
You hit the death yak simulacrum. You headbutt the death yak simulacrum!
The death yak simulacrum is almost destroyed.
You block the death yak simulacrum's attack.
You hit the death yak simulacrum but do no damage.
The death yak simulacrum is almost destroyed.
You thump the ice devil!
You headbutt the ice devil, but do no damage.
The ice devil is lightly wounded.
You closely miss the ice devil.
The ice devil is lightly wounded.
The ice devil hits you. The ice devil freezes you!!
You hit the ice devil. Your headbutt misses the ice devil.
The ice devil is moderately wounded.
You barely miss the ice devil.
The ice devil is moderately wounded.
You block the ice devil's attack. The death yak simulacrum gores you.
The death yak simulacrum freezes you!!
* * * LOW HITPOINT WARNING * * *
You completely miss the ice devil. You headbutt the ice devil!
The ice devil is heavily wounded.
The ice devil hits you!
* * * LOW HITPOINT WARNING * * *
The ice devil freezes you!
You die...

#### . ##..##
...# ###....##
.....##.......#
......4@..∩∩..#
......Z.......#
...##..##....##
. ### ##..##
####


You could see an ice devil and a death yak simulacrum.

Vanquished Creatures
  Harold (Lair:2)
  3 hydras
  A black mamba (Lair:2)
  An efreet (D:9)
  7 komodo dragons
  2 kobold demonologists (D:9)
  6 cane toads
  A demonic crawler (Lair:2)
  13 blink frogs
  Sigmund (D:2)
  30 yaks
  3 wyverns
  A steam dragon (D:7)
  Menkaure (D:6)
  Edmund (D:5)
  8 water moccasins
  Duvessa (D:5)
  An ice beast (D:7)
  2 sky beasts
  2 necrophages (D:4)
  5 orc warriors
  4 wolves (Lair:2)
  3 black bears
  4 ogres
  4 centaurs
  3 kobold brigands
  Blork the orc (D:6)
  4 bullfrogs
  A wyvern zombie (D:5)
  13 scorpions
  A water moccasin skeleton (D:5)
  Dowan (D:5)
  8 killer bees
  2 howler monkeys (D:7)
  An electric eel (D:7)
  A centaur zombie (D:9)
  2 bullfrog zombies
  2 jellies (D:5)
  3 hounds
  A bullfrog skeleton (D:6)
  2 gnoll shamans
  3 orc priests
  Jessica (D:2)
  2 iguanas
  Terence (D:3)
  An orc wizard (D:6)
  A troll simulacrum (IceCv)
  3 killer bee zombies
  A hound skeleton (D:4)
  30 gnolls
  7 adders
  2 shadow imps (D:7)
  2 white imps
  An ufetubus (IceCv)
  An adder skeleton (D:4)
  2 worms (Lair:2)
  A dart slug (D:1)
  23 orcs
  5 ball pythons
  8 endoplasms
  4 giant cockroaches
  7 goblins
  19 hobgoblins
  25 kobolds
  A quokka (D:1)
  11 bats
  4 frilled lizards
  6 rats
324 creatures vanquished.

Vanquished Creatures (others)
  19 fungi
  9 plants
28 creatures vanquished.

Grand Total: 352 creatures vanquished

Notes
Turn   | Place    | Note
-------+----------+-------------------------------------------
     0 | D:1      | boopmooplesden the Minotaur Fighter began the quest for the
                  | Orb.
     0 | D:1      | Reached XP level 1. HP: 19/19 MP: 0/0
    75 | D:1      | Found a faded altar of an unknown god.
   252 | D:1      | Reached XP level 2. HP: 21/27 MP: 1/1
   892 | D:1      | Reached XP level 3. HP: 33/33 MP: 2/2
  1194 | D:2      | Noticed Sigmund
  1206 | D:2      | Killed Sigmund
  1207 | D:2      | Reached skill level 3 in Maces & Flails
  1207 | D:2      | Reached skill level 5 in Armour
  1207 | D:2      | Reached skill level 1 in Dodging
  1207 | D:2      | Reached XP level 4. HP: 32/41 MP: 3/3
  1207 | D:2      | Reached XP level 5. HP: 37/47 MP: 4/4
  1371 | D:2      | Found Yfuzai's Book Shoppe.
  1401 | D:2      | Reached skill level 4 in Maces & Flails
  1744 | D:2      | Noticed Jessica
  1749 | D:2      | Killed Jessica
  2327 | D:3      | Reached XP level 6. HP: 51/53 MP: 5/5
  2656 | D:3      | Noticed Terence
  2663 | D:3      | Reached skill level 5 in Shields
  2684 | D:3      | Killed Terence
  3266 | D:4      | Reached skill level 5 in Maces & Flails
  3323 | D:4      | Found a blossoming altar of Fedhas.
  3341 | D:4      | Reached XP level 7. HP: 58/60 MP: 6/6
  3563 | D:4      | Reached skill level 6 in Maces & Flails
  4164 | D:5      | Entered Level 5 of the Dungeon
  4189 | D:5      | Reached skill level 5 in Fighting
  4273 | D:5      | Noticed Dowan
  4273 | D:5      | Noticed Duvessa
  4354 | D:5      | Killed Dowan
  4355 | D:5      | Reached XP level 8. HP: 50/69 MP: 7/7
  4408 | D:5      | HP: 3/69 [Duvessa (3)]
  4413 | D:5      | Killed Duvessa
  4414 | D:5      | Reached skill level 7 in Maces & Flails
  4698 | D:5      | Noticed Edmund
  4775 | D:5      | Reached skill level 1 in Throwing
  4908 | D:5      | Killed Edmund
  4970 | D:5      | Found a sparkling altar of Nemelex Xobeh.
  4999 | D:5      | Found a basalt altar of Yredelemnul.
  5003 | D:5      | Found a bloodstained altar of Trog.
  5008 | D:5      | Found a glowing golden altar of the Shining One.
  5092 | D:6      | Noticed Blork the orc
  5097 | D:6      | Killed Blork the orc
  5114 | D:6      | Reached skill level 8 in Maces & Flails
  5332 | D:6      | Noticed Menkaure
  5340 | D:6      | Killed Menkaure
  5341 | D:6      | Reached XP level 9. HP: 54/75 MP: 8/8
  5739 | D:6      | Reached skill level 9 in Maces & Flails
  6262 | D:6      | Found Urukk's Jewellery Shoppe.
  6728 | D:7      | Found a sacrificial altar of Ru.
  6858 | D:7      | Reached skill level 1 in Stealth
  6916 | D:7      | Found a staircase to the Ecumenical Temple.
  6935 | Temple   | Entered the Ecumenical Temple
  7259 | D:7      | Reached skill level 10 in Maces & Flails
  7798 | D:7      | Found the +7 Singing Sword {vorpal, sonic wave}
  8103 | D:8      | Reached XP level 10. HP: 64/84 MP: 9/9
  8341 | D:8      | Found a flagged portal.
  8363 | Bailey   | Entered a bailey
 10013 | D:9      | Found a white marble altar of Elyvilon.
 10038 | D:9      | Noticed an orange demon
 10041 | D:9      | Reached skill level 11 in Maces & Flails
 10383 | D:9      | Reached skill level 5 in Dodging
 10520 | D:9      | Found a shadowy altar of Dithmenos.
 10554 | D:9      | Found an iron altar of Okawaru.
 10573 | D:9      | Became a worshipper of Warmaster Okawaru
 10805 | D:9      | Reached skill level 1 in Short Blades
 10805 | D:9      | Reached skill level 1 in Long Blades
 10805 | D:9      | Reached skill level 1 in Axes
 10805 | D:9      | Reached skill level 1 in Staves
 10805 | D:9      | Reached skill level 1 in Slings
 10805 | D:9      | Reached skill level 1 in Bows
 10805 | D:9      | Reached skill level 1 in Unarmed Combat
 10805 | D:9      | Reached skill level 1 in Conjurations
 10805 | D:9      | Reached skill level 1 in Air Magic
 10805 | D:9      | Reached skill level 1 in Invocations
 10805 | D:9      | Reached skill level 1 in Evocations
 10805 | D:9      | Reached XP level 11. HP: 94/94 MP: 10/10
 10806 | D:9      | Reached skill level 10 in Armour
 10806 | D:9      | Reached skill level 10 in Shields
 10806 | D:9      | Reached skill level 1 in Spellcasting
 10806 | D:9      | Reached skill level 1 in Hexes
 10806 | D:9      | Reached skill level 1 in Summonings
 10806 | D:9      | Reached skill level 1 in Necromancy
 10806 | D:9      | Reached skill level 1 in Translocations
 10806 | D:9      | Reached skill level 1 in Transmutations
 10806 | D:9      | Reached skill level 1 in Fire Magic
 10806 | D:9      | Reached skill level 1 in Ice Magic
 10806 | D:9      | Reached skill level 1 in Earth Magic
 10806 | D:9      | Reached skill level 1 in Poison Magic
 10806 | D:9      | Reached XP level 12. HP: 101/101 MP: 10/12
 11132 | D:9      | Found a shimmering altar of Xom.
 11191 | D:9      | Found an ornate altar of the Wu Jian Council.
 11368 | D:9      | Found a staircase to the Lair.
 11378 | Lair:1   | Entered Level 1 of the Lair of Beasts
 11397 | Lair:1   | Reached skill level 12 in Maces & Flails
 12092 | Lair:1   | Reached * piety under Okawaru
 12115 | Lair:1   | Reached XP level 13. HP: 38/108 MP: 13/13
 12480 | Lair:1   | Reached ** piety under Okawaru
 13287 | Lair:1   | Found a blossoming altar of Fedhas.
 14031 | Lair:2   | Noticed Harold
 14080 | Lair:2   | Killed Harold
 14116 | Lair:2   | Reached *** piety under Okawaru
 14511 | Lair:2   | Received a gift from Okawaru
 14512 | Lair:2   | Reached skill level 10 in Fighting
 14904 | Lair:2   | Found a hole to the Spider Nest.
 15265 | Lair:2   | Received a gift from Okawaru
 15769 | Lair:3   | Reached skill level 13 in Maces & Flails
 16006 | Lair:3   | Found a frozen archway.
 16030 | IceCv    | Entered an ice cave
 16052 | IceCv    | Slain by an ice devil

Illustrated notes

Levels and vault maps discovered:
D:1:      dpeg_arrival_snail, layout_loops_ring, serial_forest,
          infiniplex_forest_lined_1, infiniplex_forest_straight_1,
          infiniplex_forest_end_2, infiniplex_forest_straight_1,
          infiniplex_forest_end_1, infiniplex_forest_clump_tiny,
          infiniplex_forest_corner_1, hellmonk_ecumenical_altar_blasted
D:2:      layout_loops_corners, serial_shops, nicolae_shop_crystal,
          minmay_misc_feat_hallway, uniq_jessica, uniq_sigmund
D:3:      layout_loops_cross, minivault_25, uniq_terence
D:4:      layout_basic, mainiacjoe_overflow_24_doors
D:5:      layout_rooms, kennysheep_little_box, grunt_temple_overflow_diamond,
          uniq_edmund, uniq_duvessa
D:6:      layout_basic, serial_shops, shop, uniq_blork_the_orc, uniq_menkaure
D:7:      old_forge, layout_basic, marbit_many_paths,
          minmay_temple_entry_crystal_x, st_stairs_13, minivault_4
D:8:      layout_basic, enter_bailey_3, serial_glass, glass_columns_a,
          glass_columns_c, glass_columns_c, glass_columns_a, glass_columns_b,
          glass_columns_a, minivault_5
D:9:      layout_loops_ring, elyvilon_altar_1,
          mainiacjoe_overflow_small_starburst, mainiacjoe_overflow_alcove_2,
          mainiacjoe_overflow_tiny_flanked, okawaru_gym_becter, lair_entry_dummy
Temple:   minmay_temple_curvy_loop
Lair:1:   layout_regular_city, hangedman_tree_tricks,
          infiniplex_staircase_pool_2
Lair:2:   layout_cave_pods, nicolae_spider_entry_non_spiders,
          lemuel_fruit_fields, minmay_lair_oklob_chamber, grunt_megastairs_4,
          lemuel_fruit_fields, lemuel_fruit_fields, uniq_harold
Lair:3:   layout_gridlike, portal_ice_cave_entry_pillars_2
IceCv:    ice_cave_tombish

Skill      XL: |  1  2  3  4  5  6  7  8  9 10 11 12 13 |
---------------+----------------------------------------+-----
Armour         | 4 5 6 7 8 9 10 11 | 11.7
Fighting       | 4 5 6 7 8 10 | 10.2
Maces & Flails | 3 4 5 6 8 10 11 12 13 | 13.1
Dodging        | 1 2 3 4 5 6 |  6.2
Shields        | 4 5 6 7 8 9 10 11 | 11.7
Throwing       | 1 2 |  2.8
Stealth        | 1 2 |  2.7
Short Blades   | 1 |  1.9
Long Blades    | 1 2 |  2.1
Axes           | 1 2 |  2.1
Polearms       | 2 |  2.7
Staves         | 1 2 |  2.1
Slings         | 1 2 |  2.5
Bows           | 1 |  1.9
Crossbows      | 2 |  2.5
Unarmed Combat | 1 |  1.9
Conjurations   | 1 |  1.4
Air Magic      | 1 |  1.6
Invocations    | 1 2 |  2.4
Evocations     | 1 |  1.9
Spellcasting   | 1 |  1.0
Hexes          | 1 |  1.0
Summonings     | 1 |  1.2
Necromancy     | 1 |  1.2
Translocations | 1 |  1.2
Transmutations | 1 |  1.3
Fire Magic     | 1 |  1.2
Ice Magic      | 1 |  1.2
Earth Magic    | 1 |  1.7
Poison Magic   | 1 |  1.2

Action                   |  1- 3 |  4- 6 |  7- 9 | 10-12 | 13-15 || total
-------------------------+-------+-------+-------+-------+-------++-------
Melee: Flail             |    57 |    91 |   306 |   325 |   356 ||  1135
       Headbutt          |    12 |     9 |    66 |    63 |    93 ||   243
Throw: Boomerang         |     1 |     2 |    12 |    10 |     2 ||    27
Invok: Heroism           |       |       |       |       |     5 ||     5
Evoke: Wand              |       |     2 |       |       |       ||     2
  Use: Potion            |     1 |       |     4 |     3 |       ||     8
       Scroll            |       |     4 |    13 |     3 |     5 ||    25
Armor: Scale mail        |    28 |    34 |   122 |    27 |       ||   211
       Chain mail        |       |       |       |    59 |   102 ||   161
Dodge: Dodged            |    22 |    20 |   106 |    76 |   118 ||   342
Block: Kite shield       |    32 |    67 |   247 |   266 |   293 ||   905
